 Dungeon Crawl Stone Soup version 0.28.0-43-g3370ac3207 (webtiles) character file.

Game seed: 8057750324947641608

6975 tizbic2 the Covert (level 11, -5/75 HPs)
             Began as an Octopode Fighter on Mar 4, 2022.
             Was a High Priest of Jiyva.
             Slain by an orc warlord
             ... wielding a +3 vorpal great mace
              (36 damage)
             ... on level 1 of the Orcish Mines.
             The game lasted 00:40:45 (6621 turns).

tizbic2 the Covert (Octopode Fighter)               Turns: 6621, Time: 00:40:46

Health: -5/75      AC:  3    Str: 18    XL:     11   Next: 8%
Magic:  11/11      EV: 25    Int: 16    God:    Jiyva [*****.]
Gold:   156        SH:  4    Dex: 17    Spells: 3/10 levels left

rFire   . . .      SeeInvis .   a - +8 woodcutter's axe {vorpal}
rCold   . . .      Faith    .   B - -2 buckler "Roteeq" {+Inv rCorr Int-2 Dex+3}
rNeg    . . .      Spirit   .   (helmet restricted)
rPois   +          Reflect  .   (no amulet)
rElec   .          Harm     .   h - +4 ring of evasion
rCorr   +          Rampage  .   n - +4 ring of evasion
Will    .....                   o - ring of poison resistance
Stlth   +++++.....              z - +6 ring of intelligence
HPRegen 1.66/turn               (no ring)
MPRegen 0.57/turn               (no ring)
                                (no ring)
                                (no ring)

@: mighty, attractive
A: almost no armour, amphibious, 8 rings, camouflage 1, gelatinous body 3,
(nimble swimmer 1), tentacles, tentacle spike 3, clever 1, poison resistance,
robust 1, tendrils
a: Renounce Religion, Evoke Invisibility, Oozemancy, Slimify


You were on level 1 of the Orcish Mines.
You worshipped Jiyva.
Jiyva was extremely pleased with you.
You visited 2 branches of the dungeon, and saw 11 of its levels.

You collected 365 gold pieces.
You spent 209 gold pieces at shops.

Inventory:

Hand Weapons
 a - the +8 woodcutter's axe (weapon) {vorpal}
   (You found it on level 9 of the Dungeon)

   It inflicts extra damage upon your enemies.
 w - a +0 dagger
 y - a +2 short sword of speed
Missiles
 d - 6 atropa-tipped darts (quivered)
 x - 6 datura-tipped darts
Armour
 b - a +0 buckler
 B - the -2 buckler "Roteeq" (worn) {+Inv rCorr Int-2 Dex+3}
   (You bought it in a shop on level 3 of the Dungeon)

   Int:       It affects your intelligence (-2).
   Dex:       It affects your dexterity (+3).
   +Inv:      It lets you turn invisible.
   rCorr:     It protects you from acid and corrosion.
Jewellery
 h - a +4 ring of evasion (left tentacle)
 n - a +4 ring of evasion (right tentacle)
 o - a ring of poison resistance (on tentacle)
 z - a +6 ring of intelligence (on tentacle)
Wands
 c - a wand of flame (45)
 t - a wand of acid (13)
 A - a wand of polymorph (7)
Scrolls
 g - 4 scrolls of teleportation
 i - 2 scrolls of fear
 v - 2 scrolls of magic mapping
 C - a scroll of fog
Potions
 j - a potion of haste {unknown}
 k - a potion of mutation {unknown}
 l - a potion of curing {unknown}
 m - a potion of flight {unknown}
 q - 2 potions of ambrosia
 r - a potion of invisibility {unknown}
 s - a potion of heal wounds {unknown}
 u - a potion of lignification {unknown}


   Skills:
 - Level 4.1 Fighting
 - Level 7.2(8.3) Short Blades
 - Level 6.3(7.8) Long Blades
 * Level 6.2 Axes
 + Level 5.4 Dodging
 - Level 9.6 Stealth
 - Level 5.6 Shields
 - Level 7.0 Air Magic


You had 3 spell levels left.
You knew the following spells:

 Your Spells              Type           Power      Damage    Failure   Level
a - Swiftness             Air            22%        N/A       5%          3
b - Airstrike             Air            11%        N/A       19%         4

Your spell library contained the following spells:

 Spells                   Type           Power      Damage    Failure   Level
 Shock                    Conj/Air       44%        1d5       8%          1
 Static Discharge         Conj/Air       11%        N/A       12%         2
 Apportation              Tloc           0%         N/A       32%         1
 Lightning Bolt           Conj/Air       5%         1d17      91%         5
 Alistair's Intoxication  Tmut/Pois      0%         N/A       100%        5
 Maxwell's Capacitive Co  Air            11%        ∞         100%        8


Dungeon Overview and Level Annotations

Branches:
Dungeon (10/15)            Temple (0/1) D:7            Lair (0/6) D:9
    Orc (1/2) D:10

Altars:
Cheibriados
Dithmenos
Makhleb
Trog
Wu Jian
Zin
Jiyva

Shops:
D:3 [   D:4 (


Innate Abilities, Weirdness & Mutations

You cannot wear most types of armour.
You are amphibious.
You can wear up to eight rings at the same time.
Your skin changes colour to match your surroundings (Stealth+).
Your gelatinous body deflects attacks. (AC +3, EV +3)
((You are camouflaged when in or above water. (Stealth+)))
You have tentacles for arms and can constrict up to eight enemies at once.
One of your tentacles bears a large vicious spike.
Your mind is acute. (Int +2)
Your system is resistant to poisons. (rPois)
You are robust. (+10% HP)
You are covered in slimy tendrils that may disarm your opponents.


Message History

The orcs go into a battle-frenzy!
You slash the orc warlord!
You pierce the orc warlord.
The orc warlord is moderately wounded.
You closely miss the orc. You slash the troll! You barely miss the warg.
You constrict the orc warlord, but do no damage.
The troll misses you. The troll closely misses you. The troll claws you.
The warg misses you.
The orc warlord hits you with a +3 vorpal great mace!!
You shudder from the blow and a jelly pops out!
You block the orc's attack.
You hear a shout! x2
You slash the orc warlord!
You pierce the orc warlord, but do no damage.
The orc warlord is moderately wounded.
You hit the warg. You barely miss the troll. You slash the orc!
You kill the orc!
You constrict the orc warlord.
You hear a shout! x2
The warg completely misses you. The troll completely misses you. x2
The troll closely misses you.
An ogre comes into view. It is wielding a +0 giant club.
A gnoll comes into view. It is wielding a +0 spear.
Your azure jelly hits the warg!
Your azure jelly freezes the warg!!
The warg dies!
You hear a slurping noise.
The acid blob hits the troll!
The troll is splashed with acid!
The acid corrodes the troll!
The troll dies!
The orc warlord completely misses you.
Your Axes skill increases to level 6!
It was a potion of attraction.
You feel attractive to monsters.
You constrict the orc warlord.
The orc hits the acid blob with a +0 hand axe.
The orc is burned by acid!
The acid blob spits acid at the orc.
The splash of acid hits the orc!!
The orc dies!
The orc warlord hits you with a +3 vorpal great mace!!!
You die...

<)...............#
)................
..............#.
...............#
...............#
..#)......#...#####
...##....#........#####
)[[###....#......)..#.##
.)..###........o@......#
.#.##
#........JJo.....###
....#
##.........)o......###
...##
#...........o.......##
.###
#....................#
##
#....#.#.#.#........##
#............Og..#.##
##''#########''##....
.... ....##....#


You could see an orc warlord (ally target), an orc warrior (strong), an ogre, a
gnoll, 2 orcs, a neutral acid blob(fellow slime) and a friendly azure jelly
(summoned).

Vanquished Creatures
  Maggie (D:6)
  A troll (Orc:1)
  A wraith (D:10)
  A shadow (D:9)
  3 yaks (D:9)
  6 wyverns
  2 steam dragons
  A warg (Orc:1)
  An acid dragon (D:9)
  3 water moccasins (D:9)
  5 orc warriors
  2 black bears
  A sky beast (D:7)
  An ice beast (D:8)
  4 ogres
  A kobold brigand (D:8)
  3 scorpions
  2 bullfrogs
  A water moccasin zombie (D:6)
  5 wights (D:8)
  2 electric eels (D:6)
  3 howler monkeys
  A bullfrog zombie (D:6)
  2 centaur zombies
  3 orc priests (D:8)
  A scorpion zombie (D:4)
  Ijyb (D:3)
  Natasha (twice) (D:4)
  An iguana (D:6)
  4 orc wizards
  5 adders
  A gnoll (D:1)
  2 white imps
  An ufetubus (D:4)
  An adder skeleton (D:4)
  A worm (D:2)
  A dart slug (D:3)
  27 orcs
  4 bats
  An endoplasm (D:1)
  3 giant cockroaches
  3 goblins
  2 hobgoblins
  5 jackals (D:1)
  3 quokkas
  6 ball pythons
  10 kobolds
  2 rats
143 creatures vanquished.

Vanquished Creatures (collateral kills)
  A two-headed ogre (D:9)
  A troll (Orc:1)
  A steam dragon (D:7)
  A warg (Orc:1)
  2 orc warriors (Orc:1)
  An ogre (D:7)
  2 orc priests (Orc:1)
  An orc (Orc:1)
10 creatures vanquished.

Vanquished Creatures (others)
  A troll (Orc:1)
  A wyvern (D:9)
  A water moccasin (D:8)
  A centaur (D:9)
  2 water moccasin zombies (D:6)
  2 howler monkeys
  3 centaur zombies
  A bullfrog zombie (D:6)
  12 jellies
  A bullfrog skeleton (D:6)
  Natasha (D:4)
  5 orc wizards
  A killer bee zombie (D:6)
  A hound skeleton (D:4)
  A howler monkey zombie (D:9)
  An adder (D:6)
  An ufetubus (D:4)
  A dart slug (D:3)
  9 orcs
  An endoplasm (D:1)
  5 hobgoblins
  2 kobolds (D:6)
  A quokka (D:3)
  3 ball pythons
  2 bats
  A frilled lizard (D:1)
  5 goblins
  5 fungi (D:9)
  49 plants
  3 withered plants (D:6)
123 creatures vanquished.

Grand Total: 276 creatures vanquished

Notes
Turn   | Place    | Note
-------+----------+-------------------------------------------
     0 | D:1      | tizbic2 the Octopode Fighter began the quest for the Orb.
     0 | D:1      | Reached XP level 1. HP: 16/16 MP: 1/1
    20 | D:1      | Reached skill level 1 in Stealth
    20 | D:1      | Found a faded altar of an unknown god.
    22 | D:1      | You fall into a shaft and drop 1 floor!
    32 | D:2      | Reached XP level 2. HP: 20/21 MP: 2/2
   109 | D:1      | Prayed at the altar of an unknown god.
   109 | D:1      | Became a worshipper of Jiyva Jomeasch the Shapeless
   109 | D:1      | Reached * piety under Jiyva
   124 | D:1      | Reached skill level 2 in Stealth
   124 | D:1      | Reached XP level 3. HP: 26/26 MP: 3/3
   885 | D:2      | Reached ** piety under Jiyva
   963 | D:3      | Reached XP level 4. HP: 28/31 MP: 4/4
   971 | D:3      | Found Muel's Antique Armour Emporium.
  1011 | D:3      | Reached skill level 3 in Stealth
  1080 | D:3      | Found an ornate altar of the Wu Jian Council.
  1167 | D:3      | Noticed Ijyb
  1176 | D:3      | Killed Ijyb
  1324 | D:3      | Reached *** piety under Jiyva
  1714 | D:4      | Noticed Natasha
  1716 | D:4      | Noticed an ogre
  1759 | D:4      | Gained mutation: You are robust. (+10% HP) [Jiyva's grace]
  1759 | D:4      | Gained mutation: You are very robust. (+20% HP) [Jiyva's
                  | grace]
  1759 | D:4      | Gained mutation: You are extremely robust. (+30% HP)
                  | [Jiyva's grace]
  1759 | D:4      | Gained mutation: You are agile. (Dex +2) [Jiyva's grace]
  1776 | D:4      | Reached XP level 5. HP: 37/46 MP: 5/5
  1780 | D:4      | Killed an ogre
  1781 | D:4      | Reached skill level 4 in Stealth
  1789 | D:4      | Killed Natasha
  1816 | D:4      | Killed Natasha
  1818 | D:4      | Found Caahem's Antique Weapon Shoppe.
  1836 | D:4      | Reached **** piety under Jiyva
  1863 | D:4      | Noticed a black bear
  1872 | D:4      | Reached XP level 6. HP: 55/55 MP: 6/6
  1880 | D:4      | Killed a black bear
  1881 | D:4      | Reached skill level 5 in Stealth
  1882 | D:4      | Noticed Natasha
  1888 | D:4      | Killed Natasha
  2211 | D:5      | Entered Level 5 of the Dungeon
  2221 | D:5      | Reached XP level 7. HP: 62/62 MP: 7/7
  2435 | D:5      | Reached skill level 6 in Stealth
  2512 | D:5      | Reached skill level 1 in Air Magic
  2543 | D:5      | Reached skill level 5 in Short Blades
  3053 | D:6      | Reached skill level 7 in Stealth
  3053 | D:6      | Reached XP level 8. HP: 68/70 MP: 8/8
  3221 | D:6      | Reached ***** piety under Jiyva
  3226 | D:6      | Noticed Maggie
  3235 | D:6      | Killed Maggie
  3330 | D:6      | Reached skill level 8 in Stealth
  3350 | D:6      | Found a bloodstained altar of Trog.
  3384 | D:7      | Reached skill level 5 in Shields
  3406 | D:7      | Found a staircase to the Ecumenical Temple.
  3447 | D:7      | Reached XP level 9. HP: 29/75 MP: 9/9
  3690 | D:7      | Reached skill level 9 in Stealth
  3988 | D:7      | Lost mutation: You are agile. (Dex +2) [Jiyva's grace]
  3988 | D:7      | Gained mutation: Your pliable body absorbs attacks. (AC +2,
                  | EV +2) [Jiyva's grace]
  3988 | D:7      | Gained mutation: Your gelatinous body deflects attacks. (AC
                  | +3, EV +3) [Jiyva's grace]
  3988 | D:7      | Gained mutation: You are covered in slimy tendrils that may
                  | disarm your opponents. [Jiyva's grace]
  3988 | D:7      | Gained mutation: Your mind is acute. (Int +2) [Jiyva's
                  | grace]
  4397 | D:8      | Found a snail-covered altar of Cheibriados.
  4507 | D:8      | Found a burning altar of Makhleb.
  4507 | D:8      | Noticed a blizzard demon
  4508 | D:8      | Found a glowing silver altar of Zin.
  4508 | D:8      | Noticed an angel
  4528 | D:8      | Reached skill level 5 in Air Magic
  4560 | D:8      | Learned a level 3 spell: Swiftness
  4640 | D:8      | Found a shadowy altar of Dithmenos.
  5021 | D:9      | Reached skill level 1 in Long Blades
  5050 | D:9      | Reached XP level 10. HP: 76/81 MP: 10/10
  5062 | D:9      | Reached skill level 5 in Long Blades
  5080 | D:9      | Found a staircase to the Lair.
  5182 | D:9      | Noticed a two-headed ogre
  5192 | D:9      | Killed a two-headed ogre
  5450 | D:3      | Bought a heavily runed buckler for 209 gold pieces
  5450 | D:3      | Identified the -2 buckler "Roteeq" {+Inv rCorr Int-2 Dex+3}
                  | (You bought it in a shop on level 3 of the Dungeon)
  5466 | D:3      | Learned a level 4 spell: Airstrike
  5677 | D:9      | Found the +8 woodcutter's axe {vorpal}
  5807 | D:9      | Reached skill level 1 in Axes
  6112 | D:10     | Entered Level 10 of the Dungeon
  6295 | D:10     | Reached ****** piety under Jiyva
  6423 | D:10     | Lost mutation: You are extremely robust. (+30% HP) [Jiyva's
                  | grace]
  6423 | D:10     | Lost mutation: You are very robust. (+20% HP) [Jiyva's
                  | grace]
  6423 | D:10     | Gained mutation: Your system is resistant to poisons.
                  | (rPois) [Jiyva's grace]
  6423 | D:10     | Gained mutation: One of your tentacles bears a spike.
                  | [Jiyva's grace]
  6423 | D:10     | Gained mutation: One of your tentacles bears a nasty spike.
                  | [Jiyva's grace]
  6423 | D:10     | Gained mutation: One of your tentacles bears a large
                  | vicious spike. [Jiyva's grace]
  6443 | D:10     | Found a staircase to the Orcish Mines.
  6450 | Orc:1    | Entered Level 1 of the Orcish Mines
  6502 | Orc:1    | Reached skill level 5 in Axes
  6512 | Orc:1    | Reached skill level 5 in Dodging
  6566 | Orc:1    | Reached XP level 11. HP: 44/75 MP: 11/11
  6580 | Orc:1    | Noticed an orc knight
  6597 | Orc:1    | Slimified an orc knight
  6597 | Orc:1    | Noticed an acid blob
  6597 | Orc:1    | an orc knight changed into an acid blob
  6605 | Orc:1    | Noticed an orc warlord
  6621 | Orc:1    | Slain by an orc warlord

Illustrated notes

Levels and vault maps discovered:
D:1:      dpeg_arrival_arbitrary_a, layout_basic,
          hellmonk_ecumenical_altar_dog_temple, minmay_heptomino_l4
D:2:      layout_loops_cross
D:3:      layout_loops_ring, pdpol_wu_jian_five_deadly_venoms, serial_shops,
          shop, uniq_ijyb
D:4:      layout_rooms, serial_shops, nicolae_shop_overgrown_old_shop,
          minmay_small_thing, uniq_natasha
D:5:      layout_loops_ring, st_stairs_13
D:6:      layout_gridville, trog_hazing_becter, serial_undead, serial_undead_b,
          serial_undead_e, serial_undead_f, serial_undead_e,
          kennysheep_flooded_box, minmay_door_square, feat_on_display,
          uniq_maggie
D:7:      layout_basic, minmay_temple_entry_antechambers
D:8:      layout_loops_ring, grunt_temple_overflow_order_and_chaos_2,
          grunt_dithmenos_smoke, mainiacjoe_overflow_chevrons
D:9:      layout_basic, minmay_lair_entry_grove, minmay_microvault
D:10:     layout_loops_ring, orc_0_dummy
Orc:1:    layout_caves, basic_altar, minmay_orc_treasury

Skill      XL: |  1  2  3  4  5  6  7  8  9 10 11 |
---------------+----------------------------------+-----
Stealth        | 1 2 3 4 5 7 8 9 |  9.6
Short Blades   | 3 4 5 6 7 |  7.2
Fighting       | 4 |  4.1
Shields        | 4 5 |  5.6
Air Magic      | 2 4 6 7 |  7.0
Long Blades    | 4 6 |  6.3
Axes           | 5 6 |  6.2
Dodging        | 5 |  5.4

Action                   |  1- 3 |  4- 6 |  7- 9 | 10-12 || total
-------------------------+-------+-------+-------+-------++-------
Melee: Rapier            |    19 |       |       |       ||    19
       Constrict         |    18 |    19 |    29 |    10 ||    76
       Tentacles         |    12 |    16 |    38 |    27 ||    93
       Dagger            |    41 |    25 |    29 |     7 ||   102
       Short sword       |       |    51 |   130 |       ||   181
       Punch             |       |     1 |     4 |     2 ||     7
       Long sword        |       |       |    34 |    29 ||    63
       War axe           |       |       |       |    72 ||    72
       Kick              |       |       |       |    14 ||    14
 Cast: Swiftness         |       |       |       |     1 ||     1
Invok: Oozemancy         |       |       |     1 |       ||     1
       Slimify           |       |       |       |     1 ||     1
  Use: Scroll            |     1 |       |     7 |     1 ||     9
       Potion            |       |     1 |       |     2 ||     3
 Stab: Sleeping          |     9 |     4 |    15 |       ||    28
       Distracted        |       |       |     1 |     1 ||     2
Armor: Skin              |     2 |     1 |     6 |     7 ||    16
Dodge: Dodged            |    24 |    49 |   116 |   122 ||   311
Block: Buckler           |     9 |    11 |    31 |    25 ||    76
